 Dungeon Crawl Stone Soup version 0.28.0-49-g6dfe1f597d (webtiles) character file.

Game seed: 16899109559975506650

1217 Zeld the Changer (level 8, 0/48 HPs)
             Began as an Octopode Transmuter on May 15, 2022.
             Was an Initiate of Ashenzari.
             Killed from afar by an air elemental (8 damage)
             ... with a stunning burst
             ... created by the adversity of Qazlal
             ... while paralysed by an air elemental
             ... on level 6 of the Dungeon.
             The game lasted 00:07:22 (9178 turns).

Zeld the Changer (Octopode Transmuter)              Turns: 9178, Time: 00:07:23

Health: 0/48       AC:  2    Str: 11    XL:     8   Next: 46%
Magic:  15/15      EV:  5    Int: 16    God:    Ashenzari [......]
Gold:   41         SH:  0    Dex: 17    Spells: 2/17 levels left

rFire   . . .      SeeInvis .     - Unarmed
rCold   . . .      Faith    .   (shield currently unavailable)
rNeg    . . .      Spirit   .   (helmet currently unavailable)
rPois   x          Reflect  .   (no amulet)
rElec   .          Harm     .   (no ring)
rCorr   .          Rampage  .   (no ring)
Will    .....                   (no ring)
Stlth   +++.......              (no ring)
HPRegen 0.16/turn               (no ring)
MPRegen 0.14/turn               (no ring)
                                (no ring)
                                (no ring)

@: paralysed, lethally poisoned (0 -> -6), spider-form (expiring), slowed
A: venomous fangs, almost no armour, (amphibious), 8 rings, tiny, (camouflage
1), (gelatinous body 1), (nimble swimmer 1), (tentacles), ([cold vulnerability
2])
a: End Transformation, Renounce Religion


You were on level 6 of the Dungeon.
You worshipped Ashenzari.
Ashenzari was noncommittal.
You were a venomous arachnid creature.
You visited 2 branches of the dungeon, and saw 7 of its levels.

You collected 113 gold pieces.
You spent 72 gold pieces at shops.

Inventory:

Wands
 j - a wand of digging (11)
 v - a wand of iceblast (2)
Scrolls
 b - 8 scrolls of teleportation
 c - a scroll of enchant armour {unknown}
 d - 10 scrolls of identify {unknown}
 e - 3 scrolls of vulnerability {unknown}
 i - a scroll of noise {unknown}
 k - 2 scrolls of magic mapping {unknown}
 l - a scroll of summoning {unknown}
 q - a scroll of holy word {unknown}
 r - a scroll of acquirement {unknown}
 t - a scroll of enchant weapon {unknown}
 u - a scroll of blinking {unknown}
Potions
 a - 5 potions of curing
 f - 2 potions of berserk rage {unknown}
 g - a potion of flight {unknown}
 h - 2 potions of attraction {unknown}
 m - a potion of brilliance {unknown}
 n - 3 potions of ambrosia {unknown}
 o - 3 potions of heal wounds {unknown}
 p - a potion of cancellation {unknown}
 s - 2 potions of degeneration {unknown}


   Skills:
 - Level 1.0 Fighting
 - Level 2.0 Dodging
 + Level 4.9 Stealth
 - Level 3.0 Unarmed Combat
 * Level 5.0 Spellcasting
 * Level 5.5 Transmutations
 - Level 2.0 Ice Magic
 - Level 2.0 Poison Magic
 * Level 4.7 Evocations


You had 2 spell levels left.
You knew the following spells:

 Your Spells              Type           Power      Damage    Failure   Level
a - Beastly Appendage     Tmut           42%        N/A       7%          1
b - Wereblood             Tmut           21%        N/A       9%          2
c - Spider Form           Tmut/Pois      16%        N/A       24%         3
d - Ice Form              Ice/Tmut       16%        N/A       54%         4
e - Blade Hands           Tmut           10%        N/A       61%         5

Your spell library contained the following spells:

 Spells                   Type           Power      Damage    Failure   Level
 Frozen Ramparts          Ice            20%        1d4       41%         3
 Portal Projectile        Hex/Tloc       8%         N/A       63%         3
 Summon Ice Beast         Ice/Summ       7%         N/A       86%         4
 Excruciating Wounds      Necr           2%         N/A       99%         5


Dungeon Overview and Level Annotations

Branches:
Dungeon (6/15)             Temple (1/1) D:4

Altars:
Ashenzari
Cheibriados
Dithmenos
Fedhas
Hepliaklqana
Kikubaaqudgha
Makhleb
Nemelex Xobeh
Okawaru
Qazlal
Ru
Trog
Uskayaw
Vehumet
Wu Jian
Xom
Yredelemnul
The Shining One

Shops:
D:3 [[*=*

Annotations:
D:5 3 runed translucent doors, Arandomuser85's ghost, amateur MfIE


Innate Abilities, Weirdness & Mutations

You are a venomous arachnid creature.
You have poisonous fangs.
You are tiny and dextrous.
Your spellcasting is less reliable in this form.
Your armour is entirely melded.
You are incapable of wielding weapons or throwing items.
You cannot wear most types of armour.
((You are amphibious.))
You can wear up to eight rings at the same time.
((Your skin changes colour to match your surroundings (Stealth+).))
((Your rubbery body absorbs attacks. (AC +1, EV +1)))
((You are camouflaged when in or above water. (Stealth+)))
((You have tentacles for arms and can constrict up to eight enemies at once.))
[((You are very vulnerable to cold. (rC--)))]


Message History

You hit the ogre.
The ogre is heavily wounded.
The ogre completely misses you.
You hit the ogre.
The ogre looks as sick as possible!
The ogre is severely wounded.
You bite the ogre!
You kill the ogre!
Your Spellcasting skill increases to level 5!
Qazlal causes a mighty clap of thunder!
Qazlal incites the elements against you!
The divine experience drains your vigour!
You feel yourself slow down.
An air elemental and a wind drake come into view.
A water moccasin comes into view.
Your transformation is almost over.
The water moccasin hisses angrily.
The air elemental misses you.
The wind drake exhales a fierce blast of wind!
You are blown backwards!
The air elemental is blown away by the wind.
The water moccasin closely misses you. The water moccasin barely misses you.
The water moccasin closely misses you. The water moccasin bites you.
You are poisoned.
The water moccasin poisons you! The wind drake flaps its wings at you.
The air twists around and strikes you! The water moccasin closely misses you.
You feel very sick. The air elemental hits you.
The air elemental fires a burst of electricity at you.
The stunning burst misses you.
You feel very sick. The air elemental hits you!
* * * LOW HITPOINT WARNING * * *
The air elemental completely misses you.
* * * LOW HITPOINT WARNING * * *
You feel very sick.
The air elemental fires a burst of electricity at you.
The stunning burst hits you!
You suddenly lose the ability to move!
You die...

...###...#....................
......................#.
....................###
......#..####.......#
#.........#.#.#....##
....####......##k#.#
=....#......#.#SE###
#.#........####..# ####
...#.....### #.s# #...#
....#.....# ##.#......
....####..# #.#......
.##...##..## ##........
.##..####..####..#####..
###..# #...#...## ##.##
##......## #..# #.......###
###..# ##..........<


You could see a wind drake (repels missiles), an air elemental and a water
moccasin.

Vanquished Creatures
  Edmund (D:5)
  A sky beast (D:5)
  An ogre (D:6)
  A centaur (D:6)
  A wyvern skeleton (D:5)
  A centaur zombie (D:4)
  2 hounds
  A jelly (D:5)
  Crazy Yiuf (D:2)
  6 orc priests
  A bullfrog skeleton (D:5)
  Jessica (D:2)
  3 scorpion zombies (D:4)
  An iguana (D:3)
  4 orc wizards
  2 hound zombies (D:4)
  3 gnolls
  5 adders
  2 howler monkey skeletons
  An adder skeleton (D:4)
  A worm (D:2)
  2 dart slugs
  11 orcs
  8 endoplasms
  7 giant cockroaches
  6 goblins
  4 hobgoblins
  5 kobolds
  3 quokkas
  7 ball pythons
  A bat (D:1)
  6 frilled lizards
  4 rats
104 creatures vanquished.

Vanquished Creatures (others)
  4 fungi (D:5)
4 creatures vanquished.

Grand Total: 108 creatures vanquished

Notes
Turn   | Place    | Note
-------+----------+-------------------------------------------
     0 | D:1      | Zeld the Octopode Transmuter began the quest for the Orb.
     0 | D:1      | Reached XP level 1. HP: 13/13 MP: 3/3
   242 | D:1      | Reached XP level 2. HP: 6/18 MP: 5/5
   439 | D:1      | Learned a level 2 spell: Wereblood
  1081 | D:1      | Reached skill level 1 in Stealth
  1201 | D:2      | Reached XP level 3. HP: 21/23 MP: 4/6
  1207 | D:2      | Learned a level 3 spell: Spider Form
  1385 | D:2      | Noticed Jessica
  1393 | D:2      | Killed Jessica
  1394 | D:2      | Reached skill level 1 in Poison Magic
  1394 | D:2      | Reached XP level 4. HP: 18/28 MP: 5/7
  1509 | D:2      | Reached skill level 1 in Ice Magic
  2057 | D:2      | Identified the +2 pair of gloves of Golden Lucidity {Dex+2}
  2163 | D:2      | Found a runed translucent door.
  2164 | D:2      | Noticed Crazy Yiuf
  2412 | D:3      | Found Tydghaan's Jewellery Emporium.
  2459 | D:3      | Found Wipots's Antique Armour Emporium.
  2465 | D:3      | Found Uleuneul's Antique Armour Shop.
  2578 | D:3      | Reached XP level 5. HP: 12/33 MP: 6/9
  2769 | D:3      | Found Nacemua's General Store.
  2831 | D:3      | Found Cogon's General Store.
  2887 | D:2      | Reached skill level 1 in Evocations
  3126 | D:2      | Killed Crazy Yiuf
  3493 | D:3      | Learned a level 4 spell: Ice Form
  4154 | D:4      | Reached XP level 6. HP: 38/38 MP: 8/10
  4464 | D:4      | Found a staircase to the Ecumenical Temple.
  4473 | Temple   | Entered the Ecumenical Temple
  5520 | D:3      | Bought a scroll of teleportation for 33 gold pieces
  5543 | D:3      | Bought a scroll of teleportation for 39 gold pieces
  5616 | D:5      | Entered Level 5 of the Dungeon
  5629 | D:4      | Reached XP level 7. HP: 34/43 MP: 10/12
  6640 | D:5      | Found a runed translucent gate.
  6642 | D:5      | Found a runed translucent gate.
  6643 | D:5      | Found a runed translucent gate.
  6644 | D:5      | Noticed Arandomuser85's ghost (amateur MfIE)
  7336 | Temple   | Became a worshipper of Qazlal Stormbringer
  7702 | D:5      | Reached skill level 5 in Transmutations
  7708 | D:5      | Reached XP level 8. HP: 16/48 MP: 12/14
  7716 | D:5      | Learned a level 5 spell: Blade Hands
  7929 | D:5      | Found an ancient bone altar of Kikubaaqudgha.
  7962 | D:5      | Found a sparkling altar of Nemelex Xobeh.
  7967 | D:5      | Noticed Edmund
  8044 | D:5      | Killed Edmund
  8346 | D:5      | Fell from the grace of Qazlal
  8468 | Temple   | Became a worshipper of Ashenzari the Shackled
  8740 | D:6      | Noticed a fire crab
  9165 | D:6      | Reached skill level 5 in Spellcasting
  9172 | D:6      | Noticed an air elemental
  9172 | D:6      | Noticed a wind drake
  9178 | D:6      | Paralysed by an air elemental for 1 turns
  9178 | D:6      | Killed from afar by an air elemental

Illustrated notes

Levels and vault maps discovered:
D:1:      saegor_arrival_miasma, layout_basic, roderic_serpentine_path,
          minmay_misc_feat_room
D:2:      layout_basic, minmay_pentomino_t4, uniq_crazy_yiuf_cottage,
          uniq_jessica
D:3:      layout_rooms, serial_shops, shop, shop, shop, shop,
          nicolae_shop_crystal
D:4:      layout_basic, minmay_temple_entry_proselytizer, serial_undead,
          serial_undead_a, serial_undead_a, serial_undead_f, serial_undead_f,
          amcnicky_mini_rare_corridor_liquid, corexii_checkpoint_a
D:5:      layout_gridville, mainiacjoe_overflow_catwalk_spiral,
          gammafunk_ghost_nasty_kobolds, minmay_misc_feat_enclosed, uniq_edmund
D:6:      layout_cave_pools
Temple:   nicolae_temple_elliptical

Skill      XL: |  1  2  3  4  5  6  7  8 |
---------------+-------------------------+-----
Stealth        | 1 2 3 4 |  4.9
Transmutations | 3 4 5 |  5.5
Poison Magic   | 1 2 |  2.0
Ice Magic      | 1 2 |  2.0
Spellcasting   | 3 4 5 |  5.0
Evocations     | 1 2 4 |  4.7
Fighting       | |  1.0
Dodging        | |  2.0
Unarmed Combat | |  3.0

Action                   |  1- 3 |  4- 6 |  7- 9 || total
-------------------------+-------+-------+-------++-------
Melee: Unarmed           |    49 |   130 |   104 ||   283
       Kick              |    11 |    37 |     6 ||    54
       Constrict         |    11 |    26 |     8 ||    45
       Tentacles         |     9 |    26 |     6 ||    41
       Punch             |       |     7 |       ||     7
 Cast: Beastly Appendage |    16 |    32 |     5 ||    53
       Spider Form       |       |     5 |    16 ||    21
Invok: Renounce Religion |       |       |     1 ||     1
  Use: Scroll            |       |       |     1 ||     1
 Stab: Sleeping          |     4 |     9 |     2 ||    15
Armor: Skin              |     6 |     8 |     7 ||    21
Dodge: Dodged            |    25 |    77 |    94 ||   196
